 Dungeon Crawl Stone Soup version 0.19.0-16-g73b5abf (webtiles) character file.

62 Chiseanne the Magician (level 3, -1/25 HPs)
             Began as a Demonspawn Wizard on Nov 10, 2016.
             Slain by Crazy Yiuf
             ... wielding a +3 quarterstaff of chaos
              (6 damage)
             ... on level 2 of the Dungeon.
             The game lasted 00:02:54 (3158 turns).

Chiseanne the Magician (Demonspawn Wizard)          Turns: 3158, Time: 00:02:55

Health: -1/25      AC:  2    Str:  7    XL:     3   Next: 85%
Magic:  5/9        EV: 12    Int: 20    God:
Gold:   112        SH:  0    Dex: 13    Spells: 1 memorised, 8 levels left

rFire  . . .     SeeInvis .     a - +1 great sword (slice)
rCold  + . .     Gourm    .     m - +0 robe
rNeg   . . .     Faith    .     (shield currently unavailable)
rPois  .         Spirit   .     b - +0 hat
rElec  .         Reflect  .     (no cloak)
rCorr  .         Harm     .     (no gloves)
MR     .....                    (no boots)
Stlth  ++........               (no amulet)
                                (no ring)
                                (no ring)

@: no status effects
A: agile 1, cold resistance 1, high mp 1
a: no special abilities


You were on level 2 of the Dungeon.
You were hungry.

You visited 1 branch of the dungeon, and saw 2 of its levels.

You collected 112 gold pieces.

Inventory:

Hand Weapons
 a - a +1 great sword of slicing (weapon)
Missiles
 i - 49 stones (quivered)
Armour
 b - a +0 hat (worn)
 m - a +0 robe (worn)
Jewellery
 g - a cursed ring of loudness {unknown}
Scrolls
 f - a scroll of identify
 j - a scroll of remove curse
Potions
 e - a potion of curing {unknown}
 h - a potion of lignification {unknown}
 k - a potion of heal wounds {unknown}
Books
 c - a book of Minor Magic

   Spells                             Type                      Level
   a - Magic Dart                     Conjuration                  1
   b - Blink                          Translocation                2
   c - Call Imp                       Summoning                    2
   d - Repel Missiles                 Charms/Air                   2
   e - Slow                           Hexes                        2
   f - Conjure Flame                  Conjuration/Fire             3
   g - Mephitic Cloud                 Conjuration/Poison/Air       3
Comestibles
 d - a bread ration


   Skills:
 * Level 0.4 Fighting
 - Level 1.7 Dodging
 - Level 1.7 Stealth
 * Level 3.8 Spellcasting
 * Level 2.6 Conjurations
   Level 1.0 Summonings
   Level 0.8 Translocations


You had 8 spell levels left.
You knew the following spells:

 Your Spells              Type           Power        Failure   Level  Hunger
a - Magic Dart            Conj           ##..         4%          1    None


Dungeon Overview and Level Annotations

Branches:
Dungeon (2/15)

Altars:

Annotations:
D:2 Crazy Yiuf


Innate Abilities, Weirdness & Mutations

Your flesh is cold resistant. (rC+)
You are agile. (Dex +2)
You have an increased reservoir of magic. (+10% MP)


Message History

Aim: Crazy Yiuf, wielding a quarterstaff of chaos and wearing a cloak (moderately wounded)
The magic dart hits Crazy Yiuf.
Crazy Yiuf is moderately wounded.
Crazy Yiuf hits you with a quarterstaff of chaos!
Casting: Magic Dart
Confirm with . or Enter, or press ? or * to list all spells.
Aiming: Magic Dart
Press: ? - help, Shift-Dir - straight line, f/p - Crazy Yiuf
Aim: Crazy Yiuf, wielding a quarterstaff of chaos and wearing a cloak (moderately wounded)
The magic dart hits Crazy Yiuf.
Crazy Yiuf is heavily wounded.
Crazy Yiuf cries, "Trifle bag song!"
Crazy Yiuf hits you with a quarterstaff of chaos!
* * * LOW HITPOINT WARNING * * *
Crazy Yiuf freezes you.
* * * LOW HITPOINT WARNING * * *
You hit Crazy Yiuf.
Crazy Yiuf is almost dead.
Crazy Yiuf hits you with a quarterstaff of chaos.
You die...

##.####....######.##########.##
......'....# #.# #.#
##.####....# #.# #.# #.# #..###
### #.# #.# #..# #.# #.####..#
####.## #....'..# ###
♣♣##.....# #######..# #)..#♣♣
♣♣.+......# ...).....#
#...g@♣♣♣♣......#.## #........#
#...#♣..♣......##.# #........#
### ♣♣♣.♣..'.###.# #........#
♣♣♣♣♣### #.# ####.....# #.#
#.##### #########.# ####.#
#.......).#
..##.###############.#########
..##...............#.#


You could see Crazy Yiuf.

Vanquished Creatures
  An adder (D:2)
  An ooze (D:2)
  2 dart slugs (D:2)
  A leopard gecko (D:1)
  An orc (D:2)
  5 bats
  A giant cockroach (D:2)
  4 goblins
  5 hobgoblins
  3 frilled lizards
  10 kobolds
  8 rats
42 creatures vanquished.

Notes
Turn   | Place    | Note
-------+----------+-------------------------------------------
     0 | D:1      | Chiseanne the Demonspawn Wizard began the quest for the Orb.
     0 | D:1      | Reached XP level 1. HP: 13/13 MP: 4/4
   459 | D:1      | Gained mutation: Your flesh is cold resistant. (rC+) [demonic ancestry]
   459 | D:1      | Reached XP level 2. HP: 19/19 MP: 3/6
  1379 | D:2      | Reached XP level 3. HP: 24/24 MP: 1/8
  1826 | D:2      | Found a runed door.
  1884 | D:2      | Gained mutation: You are agile. (Dex +2) [potion of beneficial mutation]
  1885 | D:2      | Gained mutation: You have an increased reservoir of magic. (+10% MP) [potion of beneficial mutation]
  2602 | D:2      | Found a faded altar of an unknown god.
  3153 | D:2      | Noticed Crazy Yiuf
  3158 | D:2      | Slain by Crazy Yiuf

Skill      XL: |  1  2 |
---------------+-------+-----
Conjurations   | 2 |  2.6
Fighting       | |  0.4
Dodging        | |  1.7
Stealth        | |  1.7
Spellcasting   | |  3.8
Summonings     | |  1.0
Translocations | |  0.8

Action                   || total
-------------------------++-------
Melee: Club              ||     1
       Hand axe          ||     5
       Great sword       ||    13
 Cast: Magic Dart        ||   121
  Use: Scroll            ||     3
       Potion            ||     2
  Eat: Chunk             ||     6
Armor: Robe              ||     7
Dodge: Dodged            ||    45
       Rpst.: Great sword ||    10
